 Dungeon Crawl Stone Soup version 0.31.0-32-g396128a36d (webtiles) character file.

Game seed: 10569101198222125344

44 Finalfun the Changeling (level 3, 14/29 HPs)
             Began as a Merfolk Shapeshifter on Mar 24, 2024.
             Quit the game on level 3 of the Dungeon.
             The game lasted 00:03:20 (1614 turns).

Finalfun the Changeling (Merfolk Shapeshifter)      Turns: 1614, Time: 00:03:20

Health: 14/29      AC:  2    Str: 16    XL:     3   Next: 60%
Magic:  3/3        EV: 12    Int:  9    God:
Gold:   97         SH:  0    Dex: 13    Spells: 2/2 levels left

rFire   . .          .
                       - Unarmed
rCold   . . .        (no shield)
rNeg    . . .        a - +0 animal skin
rPois   .            (helmet currently unavailable)
rElec   .            (cloak currently unavailable)
rCorr   .            (gloves currently unavailable)
SInv    .            (boots currently unavailable)
Will    .....        (no amulet)
Stlth   ++           (no ring)
HPRegen 0.24/turn    (no ring)
MPRegen 0.08/turn

%: no passive effects
@: beast-form
A: beast (slay +2), (nimble swimmer 2), mertail
a: Begin Untransformation


You were on level 3 of the Dungeon.
You were a hulking beast.
You visited 1 branch of the dungeon, and saw 3 of its levels.

You collected 97 gold pieces.

Inventory:

Armour
 a - a +0 animal skin (worn)
Jewellery
 e - a ring of magical power
Talismans
 c - a beast talisman (active)
 d - a flux talisman
Scrolls
 h - a scroll of identify {unknown}
 j - a scroll of immolation {unknown}
 k - a scroll of teleportation {unknown}
 l - a scroll of silence {unknown}
 m - a scroll of torment {unknown}
Potions
 b - 2 potions of lignification
 f - 2 potions of curing {unknown}
 g - a potion of mutation {unknown}
 i - a potion of degeneration {unknown}
 n - a potion of heal wounds {unknown}


   Skills:
 + Level 3.1 Fighting
 - Level 2.6 Dodging
 - Level 1.9 Stealth
 - Level 3.2 Unarmed Combat
 - Level 4.0 Shapeshifting


You had 2 spell levels left.
You didn't know any spells.
Your spell library was empty.

Dungeon Overview and Level Annotations

Branches:
Dungeon (3/15)

Altars:


Innate Abilities, Weirdness & Mutations

You are a hulking beast.
Your limbs bulge with bestial killing power. (Slay +2)
((You are very nimble when in or above water. (Stealth+, EV+, Speed+++)))
Your lower body shifts to a powerful aquatic tail in water.


Message History

No target in view!
You see here a +0 robe.
You see here a +0 robe.
There is an open door here.
You see here 5 stones.
There is a shaft here.
Done exploring.
Done exploring.
Done exploring.
There is a stone staircase leading down here.
Done exploring.
You climb downwards.
Found 3 stones.
Found a stone staircase leading down.
There is a stone staircase leading up here.
The kobold shouts!
You hear a shout!
The dart slug launches a dart at you. The slug dart hits you.
The kobold throws a stone.
The stone hits you but does no damage.
An adder comes into view.
An orc comes into view. It is wielding a +0 trident.
The kobold hits you with a +0 dagger.
You closely miss the kobold.
The adder hisses angrily.
You hit the kobold.
The kobold is heavily wounded.
The kobold hits you with a +0 dagger.
You closely miss the kobold.
The kobold is heavily wounded.
The kobold completely misses you. The orc barely misses you.
You closely miss the kobold. You punch the kobold.
You kill the kobold!
The orc hits you from afar with a +0 trident!
The orc hits you with a +0 trident.
You are too injured to fight recklessly!
You are too injured to fight recklessly!
You are too injured to fight recklessly!
Unknown command.
Unknown command.
Unknown command.
Are you sure you want to abandon this character and quit the game? (Confirm with "yes".)

....... .#
........##.#
........#..#
........#..#####
................
.......<.#
###.wS...#
#.#o...# #
##h..# #..>#
#...# ......
########


You could see an adder, a dart slug and an orc.

Vanquished Creatures
  A dart slug (D:1)
  5 ball pythons
  2 bats
  6 endoplasms
  A giant cockroach (D:1)
  4 goblins
  7 hobgoblins
  2 quokkas (D:1)
  A frilled lizard (D:2)
  3 kobolds
  3 rats
35 creatures vanquished.

Notes
Turn   | Place    | Note
-------+----------+-------------------------------------------
     0 | D:1      | Finalfun the Merfolk Shapeshifter began the quest for the
                  | Orb.
     0 | D:1      | Reached XP level 1. HP: 15/15 MP: 1/1
   155 | D:1      | Reached skill level 1 in Stealth
   220 | D:1      | Reached XP level 2. HP: 18/22 MP: 2/2
   729 | D:2      | Reached XP level 3. HP: 28/28 MP: 3/3
  1614 | D:3      | Quit the game

Illustrated notes

Levels and vault maps discovered:
D:1:      ebering_trefoil_3fold, layout_rooms, st_stairs_7, fountainhead,
          minmay_indecisive_spiral
D:2:      minmay_general_purpose_star, layout_basic
D:3:      layout_rooms, marbit_many_paths, uniq_crazy_yiuf_cottage

Skill      XL: |  1  2  3 |
---------------+----------+-----
Stealth        | 1 |  1.9
Fighting       | 2 3 |  3.1
Dodging        | |  2.6
Unarmed Combat | |  3.2
Shapeshifting  | |  4.0

Action                     || total
---------------------------++-------
  Melee: Unarmed           ||    92
         Punch             ||     2
   Stab: Sleeping          ||     4
 Armour: Animal skin       ||    33
  Dodge: Dodged            ||    41
   Form: Beast             ||     1
